 Dungeon Crawl Stone Soup version 0.13-a0-3110-gf6e36dc (webtiles) character file.

7409 PolkaDot the Cloud Mage (level 10, -16/61 HPs)
             Began as a Vampire Wizard on Sept 20, 2013.
             Was a High Priest of Sif Muna.
             Demolished by a hill giant
             ... wielding a +0,+0 giant club
              (29 damage)
             ... on Level 10 of the Dungeon.
             The game lasted 01:21:12 (10458 turns).

PolkaDot the Cloud Mage (Vampire Wizard)           Turns: 10458, Time: 01:21:12

HP -16/61        AC  4     Str  6      XL: 10   Next: 87%
MP  11/21        EV 12     Int 23      God: Sif Muna [*****.]
Gold 196         SH  0     Dex 13      Spells:  4 memorised,  6 levels left

Res.Fire  : . . .   See Invis. : +   a - +3,+0 elf sabre (speed)
Res.Cold  : . . .   Warding    : .   h - +0 elf robe
Life Prot.: . . .   Conserve   : .   (no shield)
Res.Poison: .       Res.Corr.  : .   o - +1 wizard hat
Res.Elec. : .       Clarity    : .   (no cloak)
Sust.Abil.: . .     Spirit.Shd : .   (no gloves)
Res.Mut.  : .       Stasis     : .   s - +0 pair of boots
Res.Rott. : .       Flight     : .   y - amulet of faith
Saprovore : . . .                    p - +1 ring of dexterity
                                     n - ring of sustenance

@: regenerating quickly, somewhat resistant to hostile enchantments, quite
stealthy
A: bottle blood, fangs 3, camouflage 1, see invisible, wild magic 1, unbreathing
a: Bottle Blood, Channel Energy, Forget Spell, Renounce Religion


You were on level 10 of the Dungeon.
You worshipped Sif Muna.
Sif Muna was exalted by your worship.
You were very full.

You visited 1 branch of the dungeon, and saw 10 of its levels.

You collected 566 gold pieces.
You spent 390 gold pieces at shops.

Inventory:

Hand weapons
 a - a +3,+0 elven sabre of speed (weapon)
 i - a +0,+1 long sword of freezing
Armour
 h - a +0 elven robe (worn)
 o - a +1 wizard hat (worn)
 s - a +0 pair of boots (worn)
Magical devices
 b - a wand of disintegration (11)
 d - a wand of flame (5)
 q - a wand of enslavement (2)
 C - a wand of enslavement (9)
 F - a wand of magic darts (7)
 G - a wand of disintegration (13)
 K - a wand of polymorph (12)
 L - a wand of paralysis (6)
 N - a wand of lightning (4)
Scrolls
 e - 5 scrolls of remove curse
 f - 5 scrolls of teleportation
 g - 2 scrolls of enchant weapon II
 k - a scroll of immolation
 l - a scroll of magic mapping
 m - a scroll of recharging
 x - a scroll of fear {unknown}
 E - a scroll of amnesia
Jewellery
 n - a ring of sustenance (left hand)
 p - a +1 ring of dexterity (right hand)
 v - an uncursed ring of ice
 y - an amulet of faith (around neck)
 H - an uncursed ring of hunger
 I - an uncursed amulet of resist corrosion {unknown}
Potions
 j - 4 potions of curing
 r - 8 potions of blood
 t - a potion of invisibility
 w - 2 potions of flight
 z - a potion of brilliance
 D - a potion of resistance
Books
 c - a book of Minor Magic

   Spells                             Type                      Level
   *Magic Dart                        Conjuration                  1
   Blink                              Translocation                2
   Call Imp                           Summoning                    2
   Repel Missiles                     Charms/Air                   2
   Slow                               Hexes                        2
   *Conjure Flame                     Conjuration/Fire             3
   *Mephitic Cloud                    Conjuration/Poison/Air       3
 u - a book of Conjurations

   Spells                             Type                      Level
   *Magic Dart                        Conjuration                  1
   *Searing Ray                       Conjuration                  2
   Dazzling Spray                     Conjuration/Hexes            3
   Iskenderun's Mystic Blast          Conjuration                  4
   Iskenderun's Battlesphere          Conjuration/Charms           4
   Fulminant Prism                    Conjuration/Hexes            5
 A - a book of Geomancy

   Spells                             Type                      Level
   Sandblast                          Earth                        1
   Stoneskin                          Transmutation/Earth          2
   Passwall                           Transmutation/Earth          3
   Stone Arrow                        Conjuration/Earth            3
   Petrify                            Transmutation/Earth          4
   Lee's Rapid Deconstruction         Earth                        5
 J - a book of Fire

   Spells                             Type                      Level
   Fire Brand                         Charms/Fire                  2
   Ignite Poison                      Fire/Transmutation           5
   Fireball                           Conjuration/Fire             5
   Bolt of Fire                       Conjuration/Fire             6
   Delayed Fireball                   Conjuration/Fire             7
   Ring of Flames                     Charms/Fire                  7
Magical staves
 B - an uncursed staff of energy


   Skills:
 - Level 2.1 Dodging
 - Level 3.0 Stealth
 - Level 3.0 Spellcasting
 - Level 7.6 Conjurations
   Level 1.0 Summonings
   Level 0.7 Translocations
 * Level 7.0 Fire Magic
 * Level 8.8 Air Magic
 + Level 5.3 Invocations


You had 6 spell levels left.
You knew the following spells:

 Your Spells              Type           Power        Failure   Level  Hunger
a - Magic Dart            Conj           ####         3%          1    None
d - Conjure Flame         Conj/Fire      ######..     4%          3    ###....
f - Mephitic Cloud        Conj/Pois/Air  #####...     11%         3    ###....
s - Searing Ray           Conj           ######       3%          2    ##.....


Dungeon Overview and Level Annotations

Branches:
Dungeon (10/27)            Temple (0/1) D:7            Lair (0/8) D:9
    Orc: D:6-11

Altars:
Ashenzari
Fedhas
Kikubaaqudgha
Sif Muna

Shops:
D:4 =   D:6 =   D:7 ?   D:9 }%

Annotations:
D:6 exclusion: oklob plant


Innate Abilities, Weirdness & Mutations

Your natural rate of healing is unusually fast.
You can bottle blood from corpses.
You have razor-sharp teeth.*
You have supernaturally acute eyesight.
You can survive without breathing.*
Your skin changes colour to match your surroundings (Stlth).*
Your spells are a little harder to cast, but a little more powerful.+


Message History

The hill giant is moderately wounded.
The hill giant is engulfed in roaring flames.
The hill giant hits you with a giant club!
Ouch! That really hurt!
* * * LOW HITPOINT WARNING * * *
Drink which item? (? for menu, Esc to quit)
Okay, then.
Read which item? (? for menu, Esc to quit)
Okay, then.
Okay, then.
Drink which item? (? for menu, Esc to quit)
Okay, then.
Evoke which item? (* to show all) (? for menu, Esc to quit)
Zapping:
b - a wand of disintegration (12)
Press: ? - help, Shift-Dir - straight line, f/p - hill giant
Aim: a hill giant, wielding a giant club (flame, heavily wounded)
The hill giant is blasted.
This wand has 11 charges left.
The hill giant is engulfed in roaring flames.
The hill giant hits you with a giant club!
You die...

# ## ... . ... ## ... .#.. .
.....#$ .... # ...... #.. ... #
....# #F# ##.## # . ....######C##
#..(# # .. ...#.....@.## #...# #
...#####§##.##.....# #...#
........§.#.##.###.# #...#
$.........#.##.# #.######...#####
..#.......#.##.###.#.............
#...............))......)......
..........#.......##....%........
..#.......###...#######.#...#.###
..#.......# #...# #)......#


You could see a hill giant and a giant frog.

Vanquished Creatures
  Joseph (D:8)
  Psyche (D:9)
  Grinder (D:3)
  2 trolls (D:9)
  Prince Ribbit (D:5)
  The ghost of cedor the Cudgeler, an average GrSk (D:4)
  3 yaks (D:9)
  A merfolk (D:10)
  Eustachio (D:4)
  2 hippogriffs
  A deep elf fighter (D:9)
  Edmund (D:5)
  2 ice beasts
  Purgy (D:3)
  A black bear (D:9)
  5 orc warriors
  A necrophage (D:6)
  A sky beast (D:6)
  2 phantoms (D:6)
  5 ogres
  2 crocodiles (D:9)
  A centaur (D:7)
  Duvessa (D:7)
  7 giant frogs
  A water moccasin (D:7)
  A yak zombie (D:8)
  A hippogriff skeleton (D:10)
  4 killer bees (D:9)
  A goliath beetle (D:8)
  Dowan (D:7)
  6 crimson imps
  2 hounds
  5 orc priests
  4 orc wizards
  4 big fish
  A jelly (D:7)
  A scorpion (D:5)
  3 iguanas
  7 worker ants
  Jessica (D:3)
  A mottled dragon zombie (D:10)
  A hound skeleton (D:4)
  9 adders
  2 gnolls (D:4)
  3 green rats (D:9)
  A big fish zombie (D:6)
  A giant centipede (D:10)
  An inept feature mimic (D:4)
  4 worms
  A scorpion zombie (D:5)
  A grey rat (D:4)
  5 giant geckos
  3 oozes
  26 orcs
  2 ball pythons
  A bat zombie (D:6)
  2 giant cockroaches (D:1)
  8 goblins
  12 hobgoblins
  15 kobolds
  4 quokkas
  13 bats
  6 giant newts
  A giant spore (D:8)
  A hobgoblin zombie (D:5)
  3 jackals (D:8)
  A kobold skeleton (D:6)
  A quokka skeleton (D:5)
  16 rats
  A rat skeleton (D:7)
  A ballistomycete (D:8)
235 creatures vanquished.

Notes
Turn   | Place    | Note
--------------------------------------------------------------
     0 | D:1      | PolkaDot, the Vampire Wizard, began the quest for the Orb.
     0 | D:1      | Reached XP level 1. HP: 11/11 MP: 6/6
   138 | D:1      | Reached skill level 1 in Conjurations
   320 | D:1      | Reached XP level 2. HP: 17/17 MP: 4/8
  1063 | D:2      | Reached XP level 3. HP: 22/22 MP: 0/10
  1865 | D:3      | Noticed Purgy
  1871 | D:3      | Learned a level 3 spell: Conjure Flame
  1875 | D:3      | Learned a level 3 spell: Mephitic Cloud
  1888 | D:3      | Noticed Jessica
  1897 | D:3      | Killed Purgy
  1897 | D:3      | Reached XP level 4. HP: 26/28 MP: 2/12
  1897 | D:3      | Reached XP level 5. HP: 30/33 MP: 2/13
  1906 | D:3      | Killed Jessica
  2112 | D:3      | Reached skill level 4 in Conjurations
  2201 | D:3      | Noticed Grinder
  2214 | D:3      | Gained mutation: Your skin changes colour to match your surroundings (Stlth). [potion of mutation]
  2214 | D:3      | Gained mutation: Your spells are a little harder to cast, but a little more powerful. [potion of mutation]
  2220 | D:3      | Paralysed by Grinder for 3 turns
  2226 | D:3      | Killed Grinder
  2226 | D:3      | Reached skill level 1 in Fire Magic
  2226 | D:3      | Reached skill level 1 in Air Magic
  2226 | D:3      | Reached XP level 6. HP: 27/39 MP: 9/15
  2792 | D:4      | Reached XP level 7. HP: 31/44 MP: 7/17
  2964 | D:4      | Noticed cedor's ghost (average GrSk)
  3145 | D:4      | Found Noetirra's Jewellery Shoppe.
  3181 | D:4      | Killed cedor's ghost
  3181 | D:4      | Reached skill level 5 in Conjurations
  3362 | D:4      | Noticed Eustachio
  3639 | D:4      | Killed Eustachio
  3934 | D:5      | Entered Level 5 of the Dungeon
  4089 | D:5      | Reached XP level 8. HP: 50/50 MP: 12/18
  4196 | D:5      | Reached skill level 6 in Conjurations
  4535 | D:5      | Noticed Edmund
  4549 | D:5      | Killed Edmund
  4628 | D:5      | Found a deep blue altar of Sif Muna.
  4636 | D:5      | Became a worshipper of Sif Muna the Loreminder
  4753 | D:5      | Noticed Prince Ribbit
  4764 | D:5      | Killed Prince Ribbit
  4859 | D:6      | Acquired Sif Muna's first power
  4874 | D:6      | Learned a level 2 spell: Searing Ray
  5244 | D:6      | Found a blossoming altar of Fedhas.
  5289 | D:6      | Reached skill level 7 in Conjurations
  5290 | D:6      | Noticed an oklob plant
  5327 | D:6      | Reached XP level 9. HP: 50/55 MP: 14/19
  5440 | D:6      | Reached skill level 5 in Air Magic
  5440 | D:6      | Reached skill level 1 in Invocations
  5685 | D:6      | Found Heanepoe's Jewellery Shop.
  5688 | D:6      | Bought an uncursed amulet of faith for 390 gold pieces
  5939 | D:6      | Found an ancient bone altar of Kikubaaqudgha.
  6006 | D:6      | Acquired Sif Muna's second power
  6400 | D:7      | Noticed Dowan
  6454 | D:7      | Killed Dowan
  6581 | D:7      | Found a staircase to the Ecumenical Temple.
  6677 | D:7      | Noticed Duvessa
  6683 | D:7      | Killed Duvessa
  7142 | D:7      | Found Miaj's Magic Scroll Shoppe.
  7156 | D:7      | Reached skill level 5 in Fire Magic
  7190 | D:7      | Found a shattered altar of Ashenzari.
  7601 | D:8      | Got a steaming hand axe
  7602 | D:8      | Identified the cursed hand axe of the Abyss {flame, rPois rF+ SInv} (You found it on level 8 of the Dungeon)
  8336 | D:8      | Noticed Joseph
  8342 | D:8      | Killed Joseph
  8342 | D:8      | Reached XP level 10. HP: 46/61 MP: 11/20
  8768 | D:9      | Acquired Sif Muna's third power
  8890 | D:9      | Found Conkig's Gadget Boutique.
  8947 | D:9      | Noticed Psyche
  8955 | D:9      | Killed Psyche
  9169 | D:9      | Found Pheele's Food Boutique.
  9195 | D:9      | Got a fine sabre
  9197 | D:9      | Identified the sabre of the Bear {drain, +Blink rPois} (You found it on level 9 of the Dungeon)
  9265 | D:9      | Reached skill level 8 in Air Magic
  9489 | D:9      | Paralysed by you for 3 turns
  9833 | D:9      | Found a staircase to the Lair.
  9951 | D:9      | Reached skill level 5 in Invocations
  9992 | D:10     | Entered Level 10 of the Dungeon
 10379 | D:10     | Noticed a hill giant
 10458 | D:10     | Demolished by a hill giant

Action                   |  1- 3 |  4- 6 |  7- 9 | 10-12 || total
-------------------------+-------+-------+-------+-------++-------
Melee: Short sword       |    19 |    21 |    17 |       ||    57
       Unarmed           |     2 |       |       |       ||     2
       Dagger            |       |       |     9 |       ||     9
       Long sword        |       |       |    12 |       ||    12
       Hand axe          |       |       |    16 |     2 ||    18
       Sabre             |       |       |       |     5 ||     5
 Cast: Magic Dart        |   102 |    49 |   272 |    35 ||   458
       Conjure Flame     |     2 |     1 |    35 |    30 ||    68
       Mephitic Cloud    |     1 |     5 |     6 |     2 ||    14
       Searing Ray       |       |       |    36 |    45 ||    81
Invok: Channel Energy    |       |       |    23 |    76 ||    99
 Abil: Bottle Blood      |       |     3 |    31 |    20 ||    54
Evoke: Wand              |       |     4 |     8 |     6 ||    18
  Use: Potion            |     5 |     9 |    27 |    22 ||    63
       Scroll            |       |       |    19 |     6 ||    25
 Stab: Sleeping          |     1 |       |     2 |       ||     3
       Confused          |       |     1 |       |       ||     1
       Invisible         |       |     1 |       |       ||     1
       Distracted        |       |       |     1 |       ||     1
